 Dungeon Crawl Stone Soup version 0.21-a0-150-gc243083 (webtiles) character file.

218 namelastname112 the Chopper (level 5, -7/46 HPs)
             Began as a Draconian Wanderer on July 27, 2017.
             Mangled by an ogre
             ... wielding a +0 giant club
              (20 damage)
             ... on level 4 of the Dungeon.
             The game lasted 00:04:23 (2982 turns).

namelastname112 the Chopper (Draconian Wanderer)    Turns: 2982, Time: 00:04:23

Health: -7/46      AC:  8    Str: 11    XL:     5   Next: 63%
Magic:  5/5        EV: 10    Int: 13    God:
Gold:   123        SH:  0    Dex: 14    Spells: 4/4 levels left

rFire    + . .     SeeInvis .   a - +2 hand axe
rCold    . . .     Gourm    .   (no shield)
rNeg     . . .     Faith    .   (armour unavailable)
rPois    .         Spirit   .   (helmet restricted)
rElec    .         Reflect  .   q - +1 cloak
rCorr    .         Harm     .   (no gloves)
MR       .....                  m - +0 pair of boots
Stlth    +.........             (no amulet)
HPRegen  0.15/turn              i - -2 ring of evasion (curse)
MPRegen  0.09/turn              g - ring of flight

@: no status effects
A: unfitting armour, clever 1, clumsy 1, fire resistance 1, evolution 1,
cold-blooded, AC +5
a: Evoke Flight


You were on level 4 of the Dungeon.
You were not hungry.

You visited 1 branch of the dungeon, and saw 4 of its levels.

You collected 123 gold pieces.

Inventory:

Hand Weapons
 a - a +2 hand axe (weapon)
 w - a +0 war axe
Missiles
 y - a tomahawk (quivered)
Armour
 m - a +0 pair of boots (worn)
 q - a +1 cloak (worn)
Jewellery
 e - an uncursed ring of resist corrosion
 g - a ring of flight (right hand)
 i - a cursed -2 ring of evasion (left hand)
Wands
 f - a wand of polymorph (4/24)
 s - a wand of flame (7/48)
 u - a wand of iceblast (10/15)
Scrolls
 b - 2 scrolls of teleportation
 n - a scroll of noise {unknown}
 o - a scroll of identify
 p - a scroll of amnesia {unknown}
 v - a scroll of random uselessness {unknown}
Potions
 c - 3 potions of curing
 j - a potion of ambrosia
 k - a potion of might {unknown}
 r - a potion of lignification {unknown}
Books
 h - a book of Misfortune

   Spells                             Type                      Level
   a - Confusing Touch                Hexes                        1
   b - Confuse                        Hexes                        3
   c - Gell's Gravitas                Translocation                3
   d - Petrify                        Transmutation/Earth          4
   e - Metabolic Englaciation         Hexes/Ice                    5
   f - Yara's Violent Unravelling     Hexes/Transmutation          5
Comestibles
 d - 3 bread rations
 l - 3 fruits
 t - a meat ration
 x - 4 chunks of flesh


   Skills:
 + Level 3.8 Fighting
 + Level 5.8 Axes
   Level 1.0 Crossbows
 + Level 2.6 Throwing
 + Level 1.9 Dodging
   Level 1.0 Shields


You had 4 spell levels left.
You didn't know any spells.

Dungeon Overview and Level Annotations

Branches:
Dungeon (4/15)
 Temple: D:4-7

Altars:


Innate Abilities, Weirdness & Mutations

Your plain brown scales are hard. (AC +5)
You cannot fit into any form of body armour.
You are cold-blooded and may be slowed by cold attacks.
Your mind is acute. (Int +2)
You are clumsy. (Dex -2)
Your flesh is heat resistant. (rF+)
You evolve.


Message History

You slash the ogre!
The ogre is heavily wounded.
The ogre closely misses you.
You feel a genetic drift.
You feel clumsy.
You hit the ogre.
The ogre is heavily wounded.
The ogre hits you with a giant club!
You take 13 damage, and have 33/46 hp.
MASSIVE DAMAGE!!
You closely miss the ogre. You tail-slap the ogre.
The ogre is heavily wounded.
You hit the ogre.
You tail-slap the ogre, but do no damage.
The ogre is severely wounded.
The ogre hits you with a giant club!!
* * * LOW HITPOINT WARNING * * *
You take 20 damage, and have 13/46 hp.
MASSIVE DAMAGE!!
You barely miss the ogre.
The ogre is severely wounded.
The ogre hits you with a giant club!!
You die...

..#. . #.#.#. :.... #
#...####. ####...#...
##......#.###..
.........(((?..
...##..@O# .
.........# ..........
..#..#...###
#.[....$.. #.
#.....####.........
..
#..#<...............
..
#..####.#.##.......$.
# #..#
#.).###........ ....
####............
.....
#.......).......


You could see an ogre.

Vanquished Creatures
  A scorpion (D:3)
  An orc priest (D:3)
  An orc wizard (D:4)
  A worker ant (D:2)
  3 adders
  A worm (D:2)
  3 orcs
  A ball python (D:1)
  4 giant cockroaches
  11 goblins
  5 hobgoblins
  4 jackals (D:2)
  6 kobolds
  5 bats
  3 frilled lizards
  6 rats
56 creatures vanquished.

Notes
Turn   | Place    | Note
-------+----------+-------------------------------------------
     0 | D:1      | namelastname112 the Draconian Wanderer began the quest for the Orb.
     0 | D:1      | namelastname112 set off with: a +2 hand axe, a scroll of teleportation, a potion of curing, a bread ration
     0 | D:1      | Reached XP level 1. HP: 17/17 MP: 1/1
   322 | D:1      | Reached XP level 2. HP: 24/25 MP: 2/2
  1049 | D:2      | Reached XP level 3. HP: 28/30 MP: 3/3
  1704 | D:2      | Found a runed door.
  1708 | D:2      | Noticed Crazy Yiuf
  1717 | D:2      | Gained mutation: You evolve. [potion of mutation]
  1717 | D:2      | Gained mutation: Your mind is acute. (Int +2) [potion of mutation]
  1717 | D:2      | Gained mutation: Your flesh is heat resistant. (rF+) [potion of mutation]
  1859 | D:2      | Noticed Crazy Yiuf
  1859 | D:2      | Crazy Yiuf changed into Crazy Yiuf the worker ant
  1867 | D:2      | Killed Crazy Yiuf the worker ant
  1867 | D:2      | Reached skill level 1 in Dodging
  1867 | D:2      | Reached XP level 4. HP: 22/38 MP: 4/4
  2656 | D:3      | Reached XP level 5. HP: 36/45 MP: 5/5
  2973 | D:4      | Noticed an ogre
  2978 | D:4      | Gained mutation: You are clumsy. (Dex -2) [evolution]
  2982 | D:4      | Mangled by an ogre

Vault maps used:
D:1:      dpeg_arrival_boxorama
D:2:      uniq_crazy_yiuf_cottage
D:3:      minmay_door_path, kennysheep_doodads, kennysheep_generic_room_13
D:4:      minmay_temple_entry_statues_pillars, serial_shops,
          nicolae_shop_behind_doors, grunt_dithmenos_smoke, uniq_natasha,
          uniq_duvessa

Skill      XL: |  1  2  3 |
---------------+----------+-----
Fighting       | 3 |  3.8
Throwing       | 2 |  2.6
Dodging        | 1 |  1.9
Axes           | |  5.8
Crossbows      | |  1.0
Shields        | |  1.0

Action                   |  1- 3 |  4- 6 || total
-------------------------+-------+-------++-------
Melee: Hand axe          |    91 |    64 ||   155
       Tailslap          |     9 |    10 ||    19
Throw: Tomahawk          |       |     4 ||     4
Evoke: Wand              |     1 |     2 ||     3
  Use: Scroll            |     3 |       ||     3
       Potion            |     1 |       ||     1
 Stab: Sleeping          |     2 |     1 ||     3
  Eat: Chunk             |     2 |       ||     2
       Meat ration       |       |     1 ||     1
Armor: Skin              |    21 |    16 ||    37
Dodge: Dodged            |    48 |    32 ||    80
